 Dungeon Crawl Stone Soup version 0.32-a0-42-ga30500b (webtiles) character file.

Game seed: 2409503812950211355

478 Dorkslayer the Ruffian (level 7, -1/44 HPs)
             Began as an Octopode Shapeshifter on Jan 27, 2024.
             Slain by a crocodile (14 damage)
             ... in a sewer.
             The game lasted 00:07:44 (2978 turns).

Dorkslayer the Ruffian (Octopode Shapeshifter)      Turns: 2978, Time: 00:07:44

Health: -1/44      AC:  3    Str: 16    XL:     7   Next: 11%
Magic:  7/7        EV: 10    Int: 12    God:
Gold:   187        SH:  0    Dex: 11    Spells: 6/6 levels left

rFire   . . .        f - +2 short sword (speed)
rCold   + . .        (no shield)
rNeg    . . .        g - +2 hat
rPois   .            u - amulet of the acrobat
rElec   .            p - ring of protection from cold
rCorr   .            (no ring)
SInv    .            (no ring)
Will    .....        (no ring)
Stlth   ++++         (no ring)
HPRegen 0.27/turn    (no ring)
MPRegen 0.10/turn    (no ring)
                     (no ring)

%: acrobat
@: hasted, constricted, very quick
A: almost no armour, amphibious, 8 rings, camouflage 1, gelatinous body 1,
nimble swimmer 1, tentacles
a: no special abilities


You were in a sewer.
You visited 1 branch of the dungeon, and saw 4 of its levels.
You also visited: Sewer.

You collected 187 gold pieces.

Inventory:

Hand Weapons
 d - a +0 flail
 f - a +2 short sword of speed (weapon)
 w - a +1 mace
Missiles
 s - a throwing net
 t - 4 boomerangs (quivered)
Armour
 g - a +2 hat (worn)
Jewellery
 p - a ring of protection from cold (left tentacle)
 u - an amulet of the acrobat (around mantle)
Talismans
 b - a beast talisman
 c - a flux talisman
Wands
 n - a wand of charming (9)
Scrolls
 m - 2 scrolls of teleportation
 o - a scroll of fog {unknown}
 q - a scroll of enchant armour
 v - a scroll of immolation {unknown}
 x - a scroll of fear {unknown}
Potions
 a - a potion of lignification
 e - a potion of haste
 h - 2 potions of enlightenment
 i - a potion of resistance {unknown}
 j - a potion of ambrosia {unknown}
 k - 2 potions of brilliance {unknown}
 l - a potion of heal wounds {unknown}
 r - 2 potions of curing


   Skills:
 + Level 1.8 Fighting
 + Level 3.1 Short Blades
 + Level 2.6 Dodging
 + Level 3.8 Stealth
 * Level 4.4 Unarmed Combat
 * Level 1.4 Evocations
 * Level 4.3 Shapeshifting


You had 6 spell levels left.
You didn't know any spells.
Your spell library contained the following spells:

 Spells                   Type           Power      Damage    Failure   Level
 Ensorcelled Hibernation  Hex/Ice        0%         N/A       45%         2
 Passwall                 Erth           0%         N/A       69%         3
 Swiftness                Air            0%         N/A       69%         3


Dungeon Overview and Level Annotations

Branches:
Dungeon (4/15)              Sewer (1/1)
 Temple: D:4-7

Altars:
Kikubaaqudgha


Innate Abilities, Weirdness & Mutations

You cannot wear most types of armour.
You are amphibious.
You can wear up to eight rings at the same time.
Your skin changes colour to match your surroundings (Stealth+).
Your rubbery body absorbs attacks. (AC +1, EV +1)
You are camouflaged when in or above water. (Stealth+)
You have tentacles for arms and can constrict up to eight enemies at once.


Message History

The crocodile is heavily wounded.
You completely miss the crocodile.
The crocodile is heavily wounded.
The ball python barely misses you. The ball python constricts you.
The crocodile closely misses you.
You hit the crocodile. Your squeeze misses the crocodile.
The crocodile is heavily wounded.
The ball python bites you but does no damage.
The ball python constricts you.
You barely miss the crocodile.
The crocodile is heavily wounded.
The crocodile bites you but does no damage.
You hit the crocodile. Your squeeze misses the crocodile.
The crocodile is heavily wounded.
The ball python closely misses you. The ball python constricts you.
You hit the crocodile but do no damage. Your squeeze misses the crocodile.
The crocodile is heavily wounded.
The crocodile bites you.
You hit the crocodile but do no damage. Your squeeze misses the crocodile.
The crocodile is heavily wounded.
The ball python bites you. The ball python constricts you.
You completely miss the crocodile.
The crocodile is heavily wounded.
The crocodile bites you!
* * * LOW HITPOINT WARNING * * *
The ball python bites you but does no damage.
The ball python constricts you.
You hit the crocodile.
You squeeze the crocodile, but do no damage.
The crocodile is heavily wounded.
You feel yourself speed up. The ball python bites you.
* * * LOW HITPOINT WARNING * * *
The ball python constricts you.
* * * LOW HITPOINT WARNING * * *
The crocodile bites you.
* * * LOW HITPOINT WARNING * * *
The ball python bites you but does no damage.
The ball python constricts you.
It was a potion of curing.
You feel better. The crocodile bites you!
You die...

#~~~~.~#~#.## #.#~#≈≈≈≈≈≈≈~*
##~..~..#~##.# ###~#≈≈≈≈≈≈≈~*
#.~######~#.### #~#~~~≈≈≈~~*
#.~~~~~~#~#~..####~#~~≈≈≈≈~~**
.~.######~#.~###.#~#~≈≈≈≈≈~~~*
~~~~...~#~#..##.~#~#.≈≈≈≈≈~~**
~~..~~..#~#####~~P..~≈≈≈≈≈~~*
~)~†~..P#~### #~.SP.~≈≈≈≈≈***
~#.~.P....~.# #~@.!.~≈≈≈##*
.###P.P...#.# #l.~..#≈≈## ##
########## ###..##### ####


You could see a crocodile and a ball python.

Vanquished Creatures
  The ghost of Dorkslayer the Insei, an amateur OpSh (D:3)
  A brain worm (Sewer)
  A kobold brigand (Sewer)
  2 bombardier beetles
  Ijyb (D:4)
  8 adders
  3 river rats (Sewer)
  A ribbon worm (D:2)
  3 dart slugs
  7 orcs
  6 endoplasms
  4 goblins
  2 hobgoblins
  12 kobolds
  A quokka (D:2)
  10 ball pythons
  3 bats
  5 frilled lizards
  10 rats
81 creatures vanquished.

Notes
Turn   | Place    | Note
-------+----------+-------------------------------------------
     0 | D:1      | Dorkslayer the Octopode Shapeshifter began the quest for
                  | the Orb.
     0 | D:1      | Reached XP level 1. HP: 13/13 MP: 1/1
    84 | D:1      | Found a faded altar of an unknown god.
   426 | D:1      | Reached XP level 2. HP: 18/18 MP: 2/2
   657 | D:2      | Reached XP level 3. HP: 20/23 MP: 3/3
   712 | D:2      | Reached skill level 1 in Stealth
  1251 | D:2      | Reached XP level 4. HP: 27/28 MP: 4/4
  1572 | D:3      | Reached skill level 1 in Short Blades
  1607 | D:3      | Found an ancient bone altar of Kikubaaqudgha.
  1750 | D:3      | Found a runed translucent door.
  1751 | D:3      | Noticed Dorkslayer's ghost (amateur OpSh)
  1774 | D:3      | Killed Dorkslayer's ghost
  1775 | D:3      | Reached XP level 5. HP: 7/33 MP: 5/5
  2214 | D:4      | Noticed Ijyb
  2331 | D:4      | Killed Ijyb
  2335 | D:4      | Reached XP level 6. HP: 15/38 MP: 6/6
  2379 | D:4      | Found a glowing drain.
  2388 | Sewer    | Entered a sewer
  2582 | Sewer    | Reached skill level 1 in Evocations
  2812 | Sewer    | Reached XP level 7. HP: 36/44 MP: 5/7
  2977 | Sewer    | HP: 2/44 [crocodile (5)]
  2978 | Sewer    | Slain by a crocodile

Illustrated notes

Levels and vault maps discovered:
D:1:      tarquinn_simple_flora_water_f, layout_basic,
          dilly_ecumenical_altar_fadedgnrine, chequers_avenue
D:2:      layout_basic
D:3:      layout_basic, amcnicky_altar_gilded, gammafunk_ghost_grave,
          serial_corexii_hall, corexii_hall_statues_deadend,
          corexii_hall_statues_deadend, chequers_garden
D:4:      layout_rooms, portal_sewer_entry_b, serial_bayou_lagoon_a, uniq_ijyb
Sewer:    sewer_co_scattered_pipes

Skill      XL: |  1  2  3  4  5  6 |
---------------+-------------------+-----
Stealth        | 1 2 3 |  3.8
Short Blades   | 2 3 |  3.1
Unarmed Combat | 4 |  4.4
Shapeshifting  | 4 |  4.3
Evocations     | 1 |  1.4
Fighting       | |  1.8
Dodging        | |  2.6

Action                     |  1- 3 |  4- 6 |  7- 9 || total
---------------------------+-------+-------+-------++-------
  Melee: Short sword       |    54 |   144 |    39 ||   237
         Unarmed           |     3 |       |       ||     3
         Tentacles         |    12 |    27 |    12 ||    51
         Constrict         |    10 |    29 |    11 ||    50
         Punch             |     1 |     6 |     1 ||     8
Ability: Begin Untransform |     1 |       |       ||     1
    Use: Scroll            |       |     5 |       ||     5
         Potion            |       |     1 |     2 ||     3
   Stab: Sleeping          |     7 |     6 |     1 ||    14
 Armour: Skin              |    14 |    41 |    16 ||    71
  Dodge: Dodged            |    23 |    51 |    18 ||    92

Table legend: (Time is in decaauts)
 A = Elapsed time spent in this place.
 B = Non-inter-level travel time spent in this place.
 C = Inter-level travel time spent in this place.
 D = Time resting spent in this place.
 E = Time spent auto-exploring this place.
 F = Levels seen in this place.
 G = Mean time per level.
                   A        B        C        D        E       F      G
               +--------+--------+--------+--------+--------+-----+--------+
         Total |   2862 |   2862 |      0 |    111 |   1377 |   5 |  572.4 |
       Dungeon |   2318 |   2318 |      0 |      0 |   1278 |   4 |  579.5 |
         Sewer |    544 |    544 |      0 |    111 |     99 |   1 |  544.0 |
               +--------+--------+--------+--------+--------+-----+--------+

Top non-repeatable levels by time:
     D:3: 834 daAuts
     D:2: 677 daAuts
     D:1: 616 daAuts
   Sewer: 544 daAuts
     D:4: 190 daAuts
